[Event "ICC Open 2015"]
[Site "Internet Chess Club"]
[Date "2015.05.29"]
[Round "10"]
[White "The7thGuest"]
[Black "jyd34"]
[Result "1-0"]
[ICCResult "Black resigns"]
[WhiteElo "2033"]
[BlackElo "1614"]
[Opening "Philidor: Improved Hanham variation"]
[ECO "C42"]
[NIC "RG.01"]
[Time "15:52:57"]
[TimeControl "180+0"]

1. e4 e5 2. Nf3 Nf6 3. Nc3 d6 4. d4 Nbd7 5. Bg5 Be7 6. Bc4 O-O 7. h3 c6 8.
Qd2 b5 9. Bd3 Bb7 10. dxe5 dxe5 11. O-O Qc7 12. Bh4 Rad8 13. Qc1 Rfe8 14.
Ne2 Nc5 15. Ng3 Ncxe4 16. Nxe4 Nxe4 17. Bxe7 Rxe7 18. Bxe4 c5 19. Bxb7 Qxb7
20. Rd1 Rde8 21. Qe3 Qc6 22. Rd2 f5 23. Rad1 f4 24. Qb3+ Kh8 25. Qd5 Qxd5
26. Rxd5 e4 27. Nh2 e3 28. fxe3 fxe3 29. Nf3 e2 30. Re1 Rc7 31. Kf2 a5 32.
Rxe2 Rxe2+ 33. Kxe2 h6 34. Ne5 Kh7 35. Nd3 c4 36. Rxb5 cxd3+ 37. Kxd3 Rf7
38. Rxa5 Rf2 39. b4 Rxg2 40. b5 Rg6 41. Ra6 Rg3+ 42. Kc4 Rxh3 43. b6 Rh4+
44. Kb5 Rh2 45. c4 Rb2+ 46. Kc6 h5 47. Ra5 g6 48. Rb5 Rxa2 49. b7 Rc2 50.
b8=Q Rxc4+ 51. Kd5 Rg4 52. Qf8 Rg5+ 53. Kc6 Rxb5 54. Kxb5 h4 55. Kc5 h3 56.
Kd5 g5 57. Qf5+ Kh6 58. Qxh3+ Kg6 59. Qg4 Kf6 60. Kd6 Kg6 61. Ke6 Kg7 62.
Qxg5+ {Black resigns} 1-0

[Event "ICC Open 2015"]
[Site "Internet Chess Club"]
[Date "2015.05.29"]
[Round "10"]
[White "asithink"]
[Black "khekhm"]
[Result "0-1"]
[ICCResult "White resigns"]
[WhiteElo "2140"]
[BlackElo "2589"]
[Opening "King's Indian: London system"]
[ECO "A48"]
[NIC "QP.03"]
[Time "15:53:34"]
[TimeControl "180+0"]

1. Nf3 Nf6 2. d4 g6 3. Bf4 Bg7 4. e3 O-O 5. h3 c5 6. c3 d5 7. Bd3 Nc6 8.
Nbd2 b6 9. O-O Bb7 10. Qe2 e6 11. Ne5 Nd7 12. Nxc6 Bxc6 13. dxc5 Nxc5 14.
Bb5 Bb7 15. b4 Nd7 16. Rac1 a6 17. Bxd7 Qxd7 18. c4 Rac8 19. Rfd1 Qa4 20. c5
Qxb4 21. Bd6 Rfd8 22. Rb1 Qa3 23. Rxb6 Rd7 24. Nb3 Rc6 25. Rxc6 Bxc6 26. Qc2
Rb7 27. Rb1 e5 28. f4 d4 29. fxe5 dxe3 30. Nd4 e2 31. Re1 Qe3+ 32. Kh1 Qxh3+
{White resigns}
0-1

[Event "ICC Open 2015"]
[Site "Internet Chess Club"]
[Date "2015.05.29"]
[Round "10"]
[White "SirHarmony"]
[Black "karodash"]
[Result "0-1"]
[ICCResult "White checkmated"]
[WhiteElo "1503"]
[BlackElo "1576"]
[Opening "Blackmar gambit"]
[ECO "B01"]
[NIC "VO.17"]
[Time "15:52:47"]
[TimeControl "180+0"]

1. e4 d5 2. d4 dxe4 3. Nc3 Nf6 4. f3 exf3 5. Nxf3 g6 6. Bc4 Bg7 7. Bg5 O-O
8. Qd2 Nc6 9. O-O-O a6 10. h4 b5 11. Bb3 b4 12. Ne2 Ne4 13. Qf4 Nf2 14. h5
Nxh1 15. hxg6 Nf2 16. gxh7+ Kh8 17. Rf1 Ng4 18. Rh1 Qd6 19. Qxd6 exd6 20.
Nf4 Bf5 21. Nh5 Bg6 22. Nf4 Nxd4 23. Nxd4 Bxd4 24. Be7 Rfe8 25. Bg5 Bg7 26.
Nh5 Bxh5 27. Rxh5 Re2 28. Bxf7 Rf8 29. Bc4 Rf1# {White checkmated} 0-1

[Event "ICC Open 2015"]
[Site "Internet Chess Club"]
[Date "2015.05.29"]
[Round "10"]
[White "Dodgy"]
[Black "Bleeksk"]
[Result "1-0"]
[ICCResult "Black forfeits on time"]
[WhiteElo "2186"]
[BlackElo "1960"]
[Opening "Catalan: closed, 6...Nbd7"]
[ECO "E07"]
[NIC "CA.04"]
[Time "15:52:18"]
[TimeControl "180+0"]

1. d4 e6 2. Nf3 Nf6 3. c4 d5 4. g3 Be7 5. Bg2 O-O 6. O-O Nbd7 7. Nc3 dxc4 8.
a4 a5 9. e4 Nb6 10. Re1 c6 11. Qe2 Bd7 12. Bf4 Rc8 13. Rad1 Bb4 14. Ne5 h6
15. Nxc4 Nxc4 16. Qxc4 b5 17. Qb3 bxa4 18. Qxa4 c5 19. Qa1 c4 20. d5 Qb6 21.
Be5 Ng4 22. Bd4 Bc5 23. Bxc5 Qxc5 24. Rf1 Ne5 25. dxe6 Bxe6 26. Nd5 Rb8 27.
Nf4 Nd3 28. Nxd3 cxd3 29. Rxd3 Qb5 30. Rd2 Bb3 31. Rc1 Rfd8 32. Rxd8+ Rxd8
33. Qa3 Rd2 34. Qe7 Qe2 35. Rf1 Bc4 36. h4 Qd3 37. Qe8+ Kh7 38. Qe5 Qc2 39.
Qf5+ Kg8 40. Qc8+ Kh7 41. Qf5+ g6 42. Qf6 Be6 43. h5 Rxf2 44. hxg6+ fxg6 45.
Rxf2 {Black forfeits on time} 1-0

[Event "ICC Open 2015"]
[Site "Internet Chess Club"]
[Date "2015.05.29"]
[Round "10"]
[White "pvchandu"]
[Black "KingGambits"]
[Result "0-1"]
[ICCResult "White forfeits on time"]
[WhiteElo "1430"]
[BlackElo "1636"]
[Opening "Benkö gambit"]
[ECO "A57"]
[NIC "BI.46"]
[Time "15:52:36"]
[TimeControl "180+0"]

1. d4 Nf6 2. c4 c5 3. d5 b5 4. b3 Bb7 5. Bb2 e6 6. d6 Qb6 7. Be5 Nc6 8. Bg3
bxc4 9. bxc4 Qb4+ 10. Qd2 Qxd2+ 11. Nxd2 Nd4 12. Rc1 Nf5 13. e4 Nxg3 14.
hxg3 Bxd6 15. Ndf3 Be7 16. e5 Ne4 17. Bd3 f5 18. Ne2 O-O 19. Nf4 g5 20. Nh3
g4 21. Bxe4 Bxe4 22. Nd2 Bxg2 23. Rg1 Bxh3 24. Nb3 a5 25. a4 Rfb8 26. Ke2
Rxb3 27. Rgd1 Rab8 28. Rxd7 Rb2+ {White forfeits on time} 0-1

[Event "ICC Open 2015"]
[Site "Internet Chess Club"]
[Date "2015.05.29"]
[Round "10"]
[White "podkarpacki"]
[Black "Pkopsa"]
[Result "1-0"]
[ICCResult "Black forfeits on time"]
[WhiteElo "1439"]
[BlackElo "1580"]
[Opening "QGD Slav: 3.Nf3"]
[ECO "D11"]
[NIC "QP.09"]
[Time "15:52:45"]
[TimeControl "180+0"]

1. Nf3 d5 2. d4 c6 3. c4 e6 4. a4 Bd6 5. Nc3 f5 6. cxd5 exd5 7. Bg5 Nf6 8.
Ne5 Nbd7 9. f4 h6 10. Bh4 O-O 11. e3 Qe8 12. Be2 Ne4 13. Nxe4 fxe4 14. O-O
Bxe5 15. fxe5 Rxf1+ 16. Qxf1 c5 17. Rc1 cxd4 18. exd4 Nf8 19. Rc7 Ne6 20.
Bb5 Qg6 21. Re7 Nxd4 22. Re8+ Kh7 23. Qf8 Qb6 24. Qg8+ Kg6 25. Rxc8 Nf3+ 26.
Kf1 Qg1+ 27. Ke2 Qxg2+ 28. Bf2 Qg5 29. Qe8+ {Black forfeits on time} 1-0

[Event "ICC Open 2015"]
[Site "Internet Chess Club"]
[Date "2015.05.29"]
[Round "10"]
[White "triumphant1"]
[Black "fviana"]
[Result "1-0"]
[ICCResult "Black forfeits on time"]
[WhiteElo "2141"]
[BlackElo "2307"]
[Opening "Queen's pawn game"]
[ECO "A46"]
[NIC "QP.05"]
[Time "15:52:38"]
[TimeControl "180+0"]

1. d4 Nf6 2. Nf3 e6 3. Bf4 b6 4. e3 Bb7 5. c3 d5 6. Bd3 Bd6 7. Nbd2 c5 8.
Ne5 Qe7 9. Ndf3 O-O 10. h3 Nfd7 11. Ng5 f5 12. Nxh7 Bxe5 13. Nxf8 Bxf4 14.
Ng6 Qf6 15. Nxf4 Nc6 16. Qh5 Ne7 17. O-O-O Rc8 18. Kb1 e5 19. Ne2 cxd4 20.
exd4 e4 21. Bc2 Nf8 22. g4 f4 23. g5 Qf5 24. Qg4 Qxg4 25. hxg4 Ne6 26. Rdf1
Rf8 27. f3 Ng6 28. Rh5 Kf7 29. c4 Ke7 30. cxd5 exf3 31. Rxf3 Bxd5 32. Rf1 f3
33. Ng3 Ngf4 34. Rh2 Kd6 35. Nf5+ Kd7 36. b3 g6 37. Ne3 Ba8 38. Nc4
{Black forfeits on time}
1-0

[Event "ICC Open 2015"]
[Site "Internet Chess Club"]
[Date "2015.05.29"]
[Round "10"]
[White "ShcherbinMatvei"]
[Black "Danya"]
[Result "1-0"]
[ICCResult "Black checkmated"]
[WhiteElo "2751"]
[BlackElo "3065"]
[Opening "Scotch: Mieses variation"]
[ECO "C45"]
[NIC "SO.04"]
[Time "15:52:45"]
[TimeControl "180+0"]

1. e4 e5 2. Nf3 Nc6 3. d4 exd4 4. Nxd4 Nf6 5. Nxc6 bxc6 6. e5 Qe7 7. Qe2 Nd5
8. h4 a5 9. c4 Ba6 10. b3 g6 11. Bg5 Qb4+ 12. Bd2 Qb6 13. Qe4 Ne7 14. h5 Nf5
15. Bd3 Bc5 16. Qf3 Bd4 17. hxg6 fxg6 18. Bxf5 O-O-O 19. Nc3 gxf5 20. O-O-O
Bxe5 21. Qxf5 Qc5 22. Rh5 Rhe8 23. Kb1 Qd4 24. f4 Bd6 25. Qxa5 Kb7 26. Bc1
Qf2 27. Qf5 Rf8 28. Qc2 Qxc2+ 29. Kxc2 Bxf4 30. Bxf4 Rxf4 31. Rxh7 d6 32.
Rg7 Re8 33. Rxd6 Re5 34. Rd2 Rc5 35. Na4 Ra5 36. Rdd7 Rf1 37. Rxc7+ Kb8 38.
Rcf7 Raf5 39. Rg8+ Bc8 40. Rxf5 Rxf5 41. Kc3 Rf2 42. a3 Kc7 43. Nc5 Bf5 44.
Rg7+ Kd6 45. Kb4 Rc2 46. Nb7+ Ke5 47. a4 Be4 48. Nc5 Ra2 49. Re7+ Kd6 50.
Rxe4 Ra1 51. Rd4+ Kc7 52. Rd2 Kb6 53. Rd7 Rxa4+ 54. Nxa4+ Ka6 55. Nc5+ Kb6
56. Rb7# {Black checkmated} 1-0

[Event "ICC Open 2015"]
[Site "Internet Chess Club"]
[Date "2015.05.29"]
[Round "10"]
[White "Dlugy"]
[Black "Sibelephant"]
[Result "0-1"]
[ICCResult "White forfeits on time"]
[WhiteElo "3021"]
[BlackElo "3207"]
[Opening "Benkö gambit half accepted"]
[ECO "A57"]
[NIC "BI.45"]
[Time "15:53:11"]
[TimeControl "180+0"]

1. d4 Nf6 2. c4 c5 3. d5 b5 4. cxb5 a6 5. f3 axb5 6. e4 Qa5+ 7. Nc3 b4 8.
Nb5 d6 9. a4 g6 10. b3 Bg7 11. Bb2 O-O 12. Qd2 Ba6 13. Nh3 Nbd7 14. Nf2 Rfb8
15. Rc1 Nb6 16. Be2 c4 17. Bxc4 Nxc4 18. Rxc4 Bxb5 19. axb5 Qxb5 20. O-O Ra2
21. Nd3 Nd7 22. Qc1 Bxb2 23. Nxb2 Nc5 24. Qc2 Rba8 25. Rb1 R8a3 26. Kh1 Nxb3
27. Rc8+ Kg7 28. h4 Nc5 29. Qc4 Qxc4 30. Nxc4 Rc3 31. Nb6 Rcc2 32. Rg1 b3
33. Rb8 Nd3 34. Nd7 b2 35. h5 gxh5 36. g4 h4 {White forfeits on time} 0-1

[Event "ICC Open 2015"]
[Site "Internet Chess Club"]
[Date "2015.05.29"]
[Round "10"]
[White "pawnloser"]
[Black "AMKE"]
[Result "0-1"]
[ICCResult "White forfeits on time"]
[WhiteElo "1589"]
[BlackElo "1653"]
[Opening "French defense"]
[ECO "C00"]
[NIC "FR.01"]
[Time "15:52:30"]
[TimeControl "180+0"]

1. e4 e6 2. Nf3 d5 3. exd5 exd5 4. d4 Nf6 5. Bd3 Bd6 6. O-O O-O 7. h3 h6 8.
b3 c6 9. Bb2 Be6 10. c4 Nbd7 11. Nc3 Qc7 12. Rc1 Rac8 13. cxd5 Nxd5 14. Nb5
Qb8 15. Nxd6 Qxd6 16. Ne5 Rfe8 17. Bb1 N7f6 18. Qd3 c5 19. dxc5 Rxc5 20.
Rxc5 Qxc5 21. Rc1 Qb6 22. Bd4 Qa5 23. Nc4 Qd8 24. Bxa7 Qa8 25. Bd4 Rd8 26.
Bxf6 Nxf6 27. Qg3 Nd5 28. Be4 Qxa2 29. Bxd5 Bxd5 30. Qc7 Qa8 31. Ne5 Qb8 32.
Qc3 Be6 33. Nf3 Qd6 34. Nh4 b5 35. Nf3 b4 36. Qe3 Qd5 37. g3 Qxb3 38. Rc7
Qxe3 39. fxe3 b3 40. Kg2 b2 41. Rb7 b1=Q 42. Rxb1 Kf8 43. Rb6 Ke7 44. Nd4
Kf6 45. Kf3 Ke7 46. g4 Bd7 47. Kf4 Be6 48. Rb7+ Kf8 49. Nc6 g5+
{White forfeits on time}
0-1

[Event "ICC Open 2015"]
[Site "Internet Chess Club"]
[Date "2015.05.29"]
[Round "10"]
[White "Shadeath"]
[Black "Lucas"]
[Result "1/2-1/2"]
[ICCResult "Black ran out of time and White has no material to mate"]
[WhiteElo "2952"]
[BlackElo "2574"]
[Opening "Nimzovich-Larsen attack: Indian variation"]
[ECO "A01"]
[NIC "VO.08"]
[Time "15:52:46"]
[TimeControl "180+0"]

1. b3 Nf6 2. Bb2 d5 3. Nf3 g6 4. g3 Bg7 5. Bg2 O-O 6. O-O c6 7. c4 Bf5 8. d3
Na6 9. a3 Rc8 10. Nbd2 Re8 11. Rc1 Nc7 12. Rc2 Nh5 13. Bxg7 Nxg7 14. Qa1 f6
15. Rfc1 e5 16. cxd5 cxd5 17. b4 Nb5 18. a4 Rxc2 19. Rxc2 Nd6 20. Qc1 Qb6
21. Qb2 e4 22. dxe4 Bxe4 23. Nxe4 Nxe4 24. e3 Nf5 25. Bh3 Nfd6 26. Qd4 Qxd4
27. Nxd4 f5 28. Bf1 Rc8 29. Bd3 Rxc2 30. Bxc2 Kf7 31. f3 Nf6 32. Kf2 Ke7 33.
Ke2 Nc4 34. Bb3 a6 35. a5 Kd6 36. h3 Nd7 37. g4 fxg4 38. hxg4 b6 39. axb6
Ndxb6 40. f4 a5 41. bxa5 Nxa5 42. Bc2 Nac4 43. g5 Nd7 44. Kf3 Nc5 45. f5 Ne4
46. Bxe4 Nd2+ 47. Kf4 Nxe4 48. f6 Nc5 49. Nb5+ Kd7 50. Ke5 Ne6 51. Kxd5 Nxg5
52. Nd4 Ke8 53. e4 Kf7 54. e5 h5 55. Ne2 h4 56. Nf4 h3 57. Nxh3 Nxh3 58. e6+
Kxf6 59. Kd6 Ng5 60. e7 Nf7+ 61. Kd7 Ne5+ 62. Kd6 Nf7+ 63. Kd7 Ne5+ 64. Kd6
Kf7 65. Kxe5 Kxe7 66. Kf4 Kf6 67. Kg4 g5 68. Kg3 Kg6 69. Kg4 Kh6 70. Kg3 Kh5
71. Kh3 g4+ 72. Kg3 Kg5 73. Kg2 Kf5 74. Kf2 Kf4 75. Kg2 g3 76. Kg1 Kg4 77.
Kf1 Kh3 78. Kg1 g2 79. Kf2 Kh2 80. Kf3 g1=Q 81. Kf4 Qg2 82. Ke5 Qg3+ 83. Ke6
Qg4+ 84. Ke7 {Black ran out of time and White has no material to mate}
1/2-1/2

[Event "ICC Open 2015"]
[Site "Internet Chess Club"]
[Date "2015.05.29"]
[Round "10"]
[White "muhit"]
[Black "Satyricon"]
[Result "0-1"]
[ICCResult "White forfeits on time"]
[WhiteElo "2027"]
[BlackElo "2248"]
[Opening "Queen's Indian: Nimzovich variation (exaggerated fianchetto)"]
[ECO "E15"]
[NIC "QI.05"]
[Time "15:53:06"]
[TimeControl "180+0"]

1. d4 Nf6 2. c4 e6 3. Nf3 b6 4. g3 Ba6 5. b3 b5 6. c5 d6 7. b4 Nc6 8. Bd2
Bb7 9. Bg2 a5 10. O-O axb4 11. Qc2 dxc5 12. dxc5 Nd7 13. Be3 Be7 14. Rd1 Bf6
15. Nd4 Nxd4 16. Bxd4 Bxg2 17. Bxf6 Qxf6 18. Kxg2 Qxa1 19. Qe4 O-O 20. Rxd7
Rxa2 21. Nd2 Qc3 22. Qe3 Qxe3 23. fxe3 c6 24. Nb3 e5 25. Kf3 f5 26. Rc7 Ra3
27. Nc1 b3 28. Nd3 f4 29. gxf4 exf4 30. Rxc6 fxe3+ 31. Kxe3 Rd8 32. Rb6 Ra5
33. Kd2 Kf7 34. Kc3 Re8 35. Kxb3 Rxe2 36. Kb4 Rea2 {White forfeits on time}
0-1

[Event "ICC Open 2015"]
[Site "Internet Chess Club"]
[Date "2015.05.29"]
[Round "10"]
[White "Womacka"]
[Black "ikica"]
[Result "0-1"]
[ICCResult "White forfeits on time"]
[WhiteElo "2403"]
[BlackElo "2815"]
[Opening "Robatsch defense: Pseudo-Austrian attack"]
[ECO "B06"]
[NIC "KF.05"]
[Time "15:52:49"]
[TimeControl "180+0"]

1. e4 g6 2. d4 Bg7 3. Nc3 d6 4. f4 Nc6 5. Be3 Nf6 6. Nf3 Bg4 7. h3 Bxf3 8.
Qxf3 e5 9. dxe5 dxe5 10. f5 Nd4 11. Qf2 c6 12. O-O-O O-O 13. g4 Re8 14. g5
Nh5 15. Kb1 Qc7 16. Ne2 Rad8 17. c3 Nb5 18. Bg2 Bf8 19. Bf3 Nf4 20. h4 Nd3
21. Qg2 Qa5 22. h5 Nxb2 23. Rxd8 Rxd8 24. hxg6 fxg6 25. Qh3 Rd1+ 26. Rxd1
Nxd1 27. fxg6 Nbxc3+ 28. Nxc3 Qb4+ 29. Kc2 Nxe3+ 30. Kd3 Qd4+ 31. Ke2 Qc4+
32. Kxe3 Qxc3+ 33. Ke2 Qc4+ 34. Kf2 hxg6 35. Qd7 Bc5+ 36. Kg2 Qf7 37. Qc8+
Kg7 38. Bg4 Qf2+ 39. Kh3 Qe3+ 40. Kg2 Qxg5 41. Qxb7+ Kh6 42. Qd7 Qf4 43. Qe6
Qxe4+ 44. Kh3 Qe3+ 45. Kg2 Qf2+ 46. Kh3 Qe3+ 47. Kg2 Qf4 48. Kh3 Qg5 49. Kg2
Be3 50. Kf3 Qf4+ {White forfeits on time} 0-1

[Event "ICC Open 2015"]
[Site "Internet Chess Club"]
[Date "2015.05.29"]
[Round "10"]
[White "kolding"]
[Black "airantrobo"]
[Result "1-0"]
[ICCResult "Black forfeits on time"]
[WhiteElo "1768"]
[BlackElo "1519"]
[Opening "Sicilian defense"]
[ECO "B40"]
[NIC "SI.43"]
[Time "15:52:58"]
[TimeControl "180+0"]

1. e4 c5 2. Nf3 e6 3. c3 d5 4. exd5 exd5 5. d4 c4 6. Be2 Nf6 7. O-O Be7 8.
Bg5 O-O 9. Ne5 Nbd7 10. f4 Ne4 11. Bxe7 Qxe7 12. Qe1 Nxe5 13. dxe5 f5 14.
Nd2 Be6 15. Nf3 Bf7 16. Kh1 h6 17. Nd4 a6 18. Nxf5 Qe6 19. Nd4 Qg6 20. f5
Qh7 21. Bxc4 b5 22. Bd3 Bh5 23. Bxe4 dxe4 24. Qxe4 Rae8 25. Qh4 Bf7 26. Rae1
Bc4 27. Rf2 Rd8 28. b3 Bf7 29. e6 Rxd4 30. exf7+ Rxf7 31. Qxd4 Rf8 32. Re7
h5 33. Rf3 Qh6 34. h3 Qg5 35. Kh2 Qxe7 36. Qf4 Rd8 37. f6 gxf6 38. Qxf6 Qc7+
39. Qf4 Qxf4+ 40. Rxf4 Rd2 41. a4 Rc2 42. Rf3 bxa4 43. bxa4 Ra2 44. Rf4 Kg7
45. Kg3 a5 46. Rc4 Kg6 47. Rc5 Rxa4 48. c4 Ra1 49. Rc6+ Kg5 50. h4+ Kf5 51.
Rc5+ Kg6 52. Rg5+ Kh6 53. Kf4 a4 54. Ra5 a3 55. g4 a2 56. g5+ Kg7 57. Ra6
Kf8 58. Ra8+ {Black forfeits on time} 1-0

[Event "ICC Open 2015"]
[Site "Internet Chess Club"]
[Date "2015.05.29"]
[Round "10"]
[White "gonesailing"]
[Black "IssaNissa"]
[Result "1/2-1/2"]
[ICCResult "Black ran out of time and White has no material to mate"]
[WhiteElo "1520"]
[BlackElo "1810"]
[Opening "Caro-Kann: advance variation"]
[ECO "B12"]
[NIC "CK.02"]
[Time "15:52:56"]
[TimeControl "180+0"]

1. e4 c6 2. d4 d5 3. e5 c5 4. Nc3 Nc6 5. Bb5 Bf5 6. Nf3 e6 7. O-O cxd4 8.
Nxd4 Qb6 9. Nxc6 bxc6 10. Be3 Qb7 11. Be2 Bb4 12. Na4 Ne7 13. Nc5 Bxc5 14.
Bxc5 O-O 15. b3 Rfe8 16. c4 Ng6 17. Rc1 Nxe5 18. cxd5 cxd5 19. Bd4 Nc6 20.
Bc5 Rac8 21. Bg4 Bxg4 22. Qxg4 Ne5 23. Qg3 Ng6 24. h4 Qb5 25. Bd4 e5 26. h5
exd4 27. hxg6 hxg6 28. Rfd1 d3 29. Rxc8 Rxc8 30. Qxd3 Qxd3 31. Rxd3 Rc1+ 32.
Kh2 Rc2 33. Rxd5 Rxa2 34. Kg3 f6 35. Rb5 Ra3 36. Rb7 a5 37. f4 a4 38. Kg4
Rxb3 39. Ra7 Rb4 40. g3 g5 41. Kf5 gxf4 42. Kg6 Kf8 43. gxf4 Rxf4 44. Ra8+
Ke7 45. Ra7+ Ke6 46. Kxg7 Rg4+ 47. Kf8 Kf5 48. Ra5+ Kg6 49. Ra6 Kg5 50. Kf7
f5 51. Rg6+ Kf4 52. Ra6 Ke3 53. Kf6 Rf4 54. Kg5 Kf3 55. Ra5 Kg3 56. Ra6 Kf3
57. Ra5 Ke3 58. Ra6 Rb4 59. Kxf5 Kd3 60. Ke5 Kc3 61. Kd5 Rb5+ 62. Ke4 Kb3
63. Kd4 Rb4+ 64. Kd3 a3 65. Kd2 Kb2 66. Kd1 Rd4+ 67. Ke2 a2 68. Ke3 Rb4 69.
Kd3 a1=Q 70. Rxa1 Kxa1 71. Kc3
{Black ran out of time and White has no material to mate}
1/2-1/2

[Event "ICC Open 2015"]
[Site "Internet Chess Club"]
[Date "2015.05.29"]
[Round "10"]
[White "HuevosDeLeon"]
[Black "Schurick"]
[Result "1-0"]
[ICCResult "Black resigns"]
[WhiteElo "2708"]
[BlackElo "2285"]
[Opening "Sicilian: closed, 2...Nc6"]
[ECO "B23"]
[NIC "SI.44"]
[Time "15:53:09"]
[TimeControl "180+0"]

1. e4 c5 2. Nc3 Nc6 3. Bb5 Na5 4. Nf3 g6 5. d4 c4 6. Qe2 a6 7. Bxc4 Nxc4 8.
Qxc4 b5 9. Qd3 Bb7 10. O-O Bg7 11. Re1 Rc8 12. a4 b4 13. Nd5 a5 14. Bg5 h6
15. Bh4 g5 16. Bg3 Nf6 17. Nxf6+ Bxf6 18. e5 Bg7 19. d5 Qb6 20. Nd4 Bxd5 21.
Nf5 Bc4 22. Nxg7+ Kf8 23. Qxd7 Kxg7 24. Qxe7 Qe6 25. Qa7 Ra8 26. Qe3 Rhd8
27. h4 gxh4 28. Bxh4 Bd5 29. Bf6+ Kh7 30. Rad1 Qf5 31. Rd2 Rd7 32. f3 Rg8
33. Kf2 Bc6 34. Rxd7 Bxd7 35. Qe4 Qxe4 36. Rxe4 Bxa4 37. b3 Bd7 38. g4 Rc8
39. Re2 Be6 40. Rd2 Rc3 41. Bd8 Rc5 42. Re2 Kg6 43. Kg3 Rc3 44. Bxa5 Bd5 45.
Rf2 h5 46. Bxb4 Re3 47. Kf4 {Black resigns} 1-0

[Event "ICC Open 2015"]
[Site "Internet Chess Club"]
[Date "2015.05.29"]
[Round "10"]
[White "AlexSlizhevsky"]
[Black "mrrr"]
[Result "0-1"]
[ICCResult "White forfeits on time"]
[WhiteElo "1998"]
[BlackElo "1857"]
[Opening "Caro-Kann: classical, Spassky variation"]
[ECO "B19"]
[NIC "CK.12"]
[Time "15:52:59"]
[TimeControl "180+0"]

1. e4 c6 2. d4 d5 3. Nc3 dxe4 4. Nxe4 Bf5 5. Ng3 Bg6 6. h4 h6 7. Nf3 Nd7 8.
h5 Bh7 9. Bd3 Bxd3 10. Qxd3 e6 11. Bf4 Qa5+ 12. Bd2 Bb4 13. c3 Be7 14. c4
Qc7 15. O-O-O Ngf6 16. Kb1 O-O 17. Qc2 a5 18. Rde1 a4 19. Ne2 a3 20. b3 Ng4
21. Bf4 Bd6 22. Bxd6 Qxd6 23. Nc3 Rfc8 24. Ne4 Qf4 25. c5 b6 26. Nd6 Rcb8
27. Re4 Qf6 28. cxb6 e5 29. Nc4 exd4 30. Rxg4 d3 31. Qd2 Nxb6 32. Nxb6 Rxb6
33. Nd4 c5 34. Rf4 Qe5 35. Re1 Qd5 36. Nf5 Kf8 37. Qc3 Rf6 38. g4 Rb8 39.
Ne3 Qd6 40. Rxf6 gxf6 41. Rd1 c4 42. Nxc4 Qf4 43. Qxd3 Qxf2 44. Qd2 Qa7
{White forfeits on time}
0-1

[Event "ICC Open 2015"]
[Site "Internet Chess Club"]
[Date "2015.05.29"]
[Round "10"]
[White "whynotchess960"]
[Black "Irenaeus"]
[Result "1-0"]
[ICCResult "Black forfeits on time"]
[WhiteElo "1972"]
[BlackElo "1765"]
[Opening "Grünfeld: exchange variation"]
[ECO "D85"]
[NIC "GI.03"]
[Time "15:53:22"]
[TimeControl "180+0"]

1. d4 Nf6 2. c4 g6 3. Nc3 d5 4. cxd5 Nxd5 5. Bd2 Bg7 6. e4 Nb6 7. d5 O-O 8.
Nf3 c6 9. dxc6 Nxc6 10. Be2 Bg4 11. O-O Bxf3 12. Bxf3 Nd4 13. Be3 e5 14.
Bxd4 exd4 15. Nd5 Nxd5 16. exd5 Qd6 17. Qb3 b6 18. Rac1 Rac8 19. Rc6 Rxc6
20. dxc6 d3 21. Rd1 d2 22. Qc2 Re8 23. g3 Re1+ 24. Kg2 Rxd1 25. Qxd1 Bxb2
26. Qc2 Be5 27. Qa4 a5 28. Qb3 Bd4 29. Bd5 d1=Q 30. Bxf7+ Kg7 31. Qxd1 Kxf7
32. Qf3+ Kg7 33. a4 Be5 34. Qe4 Qd4 35. Qc2 Qd5+ 36. Kh3 Bc7 37. f4 Qf5+ 38.
Qxf5 gxf5 39. Kg2 Kf6 40. Kf3 Ke6 41. g4 fxg4+ 42. Kxg4 Kd5 43. f5 Kxc6 44.
f6 b5 45. axb5+ Kxb5 46. Kf5 Bd6 47. Ke6 Kc6 48. f7 a4 49. Kf6 a3 50. Kg7 a2
51. Kxh7 Bf8 52. Kg8 Bd6 53. h4 a1=Q 54. f8=Q Bxf8 55. Kxf8 Qa7 56. Kg8 Kd6
57. h5 Ke6 58. h6 Kf6 59. Kh8 {Black forfeits on time} 1-0

[Event "ICC Open 2015"]
[Site "Internet Chess Club"]
[Date "2015.05.29"]
[Round "10"]
[White "carlito78"]
[Black "nihil95"]
[Result "0-1"]
[ICCResult "White forfeits on time"]
[WhiteElo "1560"]
[BlackElo "1696"]
[Opening "King's pawn opening"]
[ECO "B07"]
[NIC "VO.17"]
[Time "15:53:14"]
[TimeControl "180+0"]

1. e4 d6 2. d4 c6 3. f4 g6 4. Nf3 Bg7 5. Bd3 d5 6. c3 Bg4 7. e5 e6 8. h3
Bxf3 9. Qxf3 h5 10. g4 hxg4 11. hxg4 Rxh1+ 12. Qxh1 Ne7 13. Qh7 Bf8 14. f5
gxf5 15. gxf5 Nxf5 16. Bxf5 exf5 17. Qxf5 Qh4+ 18. Kd1 Qh1+ 19. Kc2 Nd7 20.
Bg5 Be7 21. Bxe7 Kxe7 22. Qg5+ Ke6 23. Qg4+ Ke7 24. Qg5+ Kf8 25. b4 Nb6 26.
e6 fxe6 27. Qf6+ Ke8 28. Qxe6+ Kf8 29. Qf6+ Kg8 30. Qg6+ Kh8 31. Qf6+ Kh7
32. Qf7+ Kh6 33. Qxb7 Rg8 34. Qxc6+ Rg6 35. Qb5 Nc4 36. Qxd5 Qxd5 37. a4
Rg2+ 38. Kd3 Ne5+ 39. Ke3 Rg3+ 40. Kf2 Qf3+ 41. Ke1 Nd3+ 42. Kd2 Qe3+ 43.
Kc2 Rg2+ 44. Kb3 Nc1+ 45. Kc4 Qe6+ 46. d5 Rg4+ 47. Kb5 Qc8 48. d6 Nb3 49. c4
a6+ 50. Kb6 Qxc4 51. b5 Rg6 52. a5 Rxd6+ 53. Ka7 Qxb5 54. Nc3 Rd7+
{White forfeits on time}
0-1

[Event "ICC Open 2015"]
[Site "Internet Chess Club"]
[Date "2015.05.29"]
[Round "10"]
[White "garompon"]
[Black "EREBUNI"]
[Result "0-1"]
[ICCResult "White forfeits on time"]
[WhiteElo "2560"]
[BlackElo "3045"]
[Opening "Sicilian defense"]
[ECO "B40"]
[NIC "SI.43"]
[Time "15:53:21"]
[TimeControl "180+0"]

1. e4 c5 2. Nf3 e6 3. c3 d5 4. exd5 exd5 5. d4 c4 6. b3 cxb3 7. axb3 Bd6 8.
Bd3 Ne7 9. O-O Bg4 10. Re1 Bh5 11. Bg5 Bg6 12. Ra2 Nc6 13. Rae2 O-O 14. Bxg6
hxg6 15. Qd3 Qd7 16. Bxe7 Nxe7 17. Ne5 Bxe5 18. Rxe5 Nc6 19. R5e3 Rae8 20.
Nd2 a5 21. Nf3 Rxe3 22. Qxe3 b5 23. h4 a4 24. bxa4 bxa4 25. Ra1 Ra8 26. Qd3
a3 27. c4 a2 28. Qb3 dxc4 29. Qxc4 Qb7 30. Kh2 Nb4 31. Ne5 Ra4 32. Qb3 Ra7
33. Nxf7 Nd5 34. Qxb7 Rxb7 35. Rxa2 Kxf7 36. Ra5 Ke6 37. Ra6+ Kf5 38. f3 Nf6
39. Kg3 g5 40. hxg5 Kxg5 41. Ra5+ Kg6 42. Kf4 Rb4 43. Ke3 Rb3+ 44. Kf2 Rd3
45. d5 Rxd5 46. Rxd5 Nxd5 47. Kg3 Kf5 48. Kf2 Kf4 49. g3+ Kf5 50. Kg2 Nc3
51. Kf2 Nb5 52. Kg2 Ke5 53. Kf2 Kd4 54. g4 g5 55. Kg3 Ke3
{White forfeits on time}
0-1

[Event "ICC Open 2015"]
[Site "Internet Chess Club"]
[Date "2015.05.29"]
[Round "10"]
[White "onti"]
[Black "Torek9M"]
[Result "1-0"]
[ICCResult "Black forfeits on time"]
[WhiteElo "1431"]
[BlackElo "1167"]
[Opening "King's gambit"]
[ECO "C30"]
[NIC "KG.05"]
[Time "15:53:46"]
[TimeControl "180+0"]

1. e4 e5 2. f4 d6 3. Nf3 Nd7 4. Bc4 h6 5. c3 c6 6. fxe5 dxe5 7. O-O Qc7 8.
Bxf7+ Kd8 9. Bxg8 Rxg8 10. d4 exd4 11. Nxd4 Ne5 12. Nb5+ Bd7 13. Nxc7 Kxc7
14. Bf4 Bd6 15. Qh5 Rae8 16. Nd2 Bg4 17. Qh4 g5 18. Qg3 gxf4 19. Rxf4 Be2
20. Kh1 Rxg3 21. hxg3 Nd3 22. Rf7+ Kb8 23. Nc4 Bxg3 24. e5 b5 25. Nd6
{Black forfeits on time}
1-0